 Dungeon Crawl Stone Soup version 0.28-a0-1235-g7c8fac35f0 (webtiles) character file.

Game seed: 13774766293487113911

29 r3xj the Shield-Bearer (level 3, -1/33 HPs)
             Began as a Minotaur Fighter on Dec 25, 2021.
             Slain by Sigmund (14 damage)
             ... on level 2 of the Dungeon.
             The game lasted 00:02:40 (1324 turns).

r3xj the Shield-Bearer (Minotaur Fighter)           Turns: 1324, Time: 00:02:40

Health: -1/33      AC:  6    Str: 22    XL:     3   Next: 1%
Magic:  2/2        EV:  9    Int: 11    God:
Gold:   107        SH:  4    Dex:  9    Spells: 2/2 levels left

rFire   . . .      SeeInvis .   a - +0 flail
rCold   . . .      Faith    .   c - +0 buckler
rNeg    . . .      Spirit   .   b - +0 scale mail
rPois   +          Reflect  .   (helmet restricted)
rElec   .          Harm     .   (no cloak)
rCorr   .          Rampage  .   (no gloves)
Will    .....                   (no boots)
Stlth   ..........              (no amulet)
HPRegen 0.11/turn               e - +6 ring of intelligence
MPRegen 0.08/turn               h - ring of poison resistance

@: no status effects
A: horns 2, retaliatory headbutt
a: no special abilities


You were on level 2 of the Dungeon.
You visited 1 branch of the dungeon, and saw 2 of its levels.

You collected 107 gold pieces.

Inventory:

Hand Weapons
 a - a +0 flail (weapon)
Missiles
 i - 19 poisoned darts (quivered)
Armour
 b - a +0 scale mail (worn)
 c - a +0 buckler (worn)
Jewellery
 e - a +6 ring of intelligence (left hand)
 h - a ring of poison resistance (right hand)
Scrolls
 f - a scroll of noise {unknown}
 g - a scroll of immolation {unknown}
 j - a scroll of acquirement {unknown}
 k - a scroll of identify {unknown}
 l - a scroll of amnesia {unknown}
 m - a scroll of brand weapon {unknown}
 n - a scroll of blinking {unknown}
Potions
 d - 2 potions of might


   Skills:
 + Level 4.0 Fighting
 * Level 3.5 Maces & Flails
 - Level 3.6 Armour
 - Level 4.0 Shields


You had 2 spell levels left.
You didn't know any spells.
Your spell library was empty.

Dungeon Overview and Level Annotations

Branches:
Dungeon (2/15)

Altars:

Shops:
D:1 *

Annotations:
D:2 Sigmund


Innate Abilities, Weirdness & Mutations

You have a pair of horns on your head.
You reflexively headbutt those who attack you in melee.


Message History

You block the rat's attack.
You have reached level 3!
Your experience leads to an increase in your attributes!
Your base attributes are Str 20, Int 5, Dex 9.
Increase (S)trength, (I)ntelligence, or (D)exterity?
You feel stronger. x2
A rat is nearby!
You sock the rat!
You kill the rat!
HP restored.
d - 2 potions of might (gained 1)
You now have 107 gold pieces (gained 6).
Found a spear.
No target in view!
n - a scroll labelled XOX HINNEUSH No target in view!
You see here a +0 spear.
You open the large door.
Sigmund the Dreaded comes into view.
He is wielding a +3 vampiric scythe.
Sigmund shouts!
Sigmund gestures at you while chanting. The magic dart hits you!
There is a large open door here.
Sigmund says, "Now you see me, now you don't..."
Sigmund is nearby!
Sigmund is nearby!
Sigmund is nearby!
You barely miss Sigmund. You headbutt Sigmund!
Sigmund is moderately wounded.
Sigmund hits you with a +3 vampiric scythe!
Sigmund draws strength from your wounds!
Sigmund is nearby!
You are too injured to fight recklessly!
Sigmund is nearby!
You are too injured to fight recklessly!
Sigmund is nearby!
You are too injured to fight recklessly!
You barely miss Sigmund.
Sigmund hits you with a +3 vampiric scythe!
You die...

### #.. #####
#.# #...# #.#
#...# #.# #...#
###.# #.@.#
....# # #.@.#
###.#.#
######...####..
..#.#.#
#..............
#.#...#
..####''####...
#.....# ♣..♣ .
......#. ♣..♣
..#.....# ♣..♣
.......## ♣..♣
#.#.#.## ♣..♣


You could see Sigmund.

Vanquished Creatures
  A bat (D:1)
  An endoplasm (D:2)
  3 giant cockroaches
  A goblin (D:1)
  6 hobgoblins (D:1)
  4 quokkas
  2 ball pythons (D:1)
  A frilled lizard (D:1)
  2 kobolds (D:1)
  5 rats
26 creatures vanquished.

Notes
Turn   | Place    | Note
-------+----------+-------------------------------------------
     0 | D:1      | r3xj the Minotaur Fighter began the quest for the Orb.
     0 | D:1      | Reached XP level 1. HP: 19/19 MP: 0/0
   278 | D:1      | Reached XP level 2. HP: 24/27 MP: 1/1
   501 | D:1      | Found Wepnom's General Store.
  1231 | D:2      | Reached XP level 3. HP: 25/33 MP: 2/2
  1319 | D:2      | Noticed Sigmund
  1324 | D:2      | Slain by Sigmund

Illustrated notes

Levels and vault maps discovered:
D:1:      dpeg_arrival_renting, layout_basic, serial_shops, nicolae_square_shop
D:2:      kennysheep_big_flooded_room, layout_basic, serial_aquarium,
          aquarium_bridge_straight [aquarium_subvault_bridge,
          aquarium_subvault_balcony, aquarium_subvault_bridge,
          aquarium_subvault_wall], aquarium_window_1, aquarium_window_1,
          aquarium_window_2, aquarium_window_2, aquarium_view_2c, uniq_sigmund

Skill      XL: |  1  2 |
---------------+-------+-----
Maces & Flails | 3 |  3.5
Fighting       | 4 |  4.0
Shields        | 4 |  4.0
Armour         | |  3.6

Action                   || total
-------------------------++-------
Melee: Flail             ||    61
       Headbutt          ||     9
Armor: Scale mail        ||    19
Dodge: Dodged            ||    26
Block: Buckler           ||    13

Table legend: (Time is in decaauts)
 A = Elapsed time spent in this place.
 B = Non-inter-level travel time spent in this place.
 C = Inter-level travel time spent in this place.
 D = Time resting spent in this place.
 E = Time spent auto-exploring this place.
 F = Levels seen in this place.
 G = Mean time per level.
                   A        B        C        D        E       F      G
               +--------+--------+--------+--------+--------+-----+--------+
         Total |   1337 |   1280 |     57 |      0 |   1121 |   2 |  668.5 |
       Dungeon |   1337 |   1280 |     57 |      0 |   1121 |   2 |  668.5 |
               +--------+--------+--------+--------+--------+-----+--------+

Top non-repeatable levels by time:
     D:1: 997 daAuts
     D:2: 339 daAuts
